[Event "Titled Tuesday Blitz November 15 Late 2022"]
[White "Prydun, Andriy"]
[Black "Yanchenko, Roman"]
[WhiteFideId "14145898"]
[BlackFideId "4137329"]
[WhiteElo "2163"]
[BlackElo "2489"]
[Result "0-1"]
[Round "02"]
[TimeControl "180+1"]
[Date "2022.11.16"]
[WhiteClock "0:00:06"]
[BlackClock "0:00:33"]

1. d4 d5 2. Nc3 Bf5 3. Bf4 e6 4. e3 Bd6 5. Bxd6 cxd6 6. g4 Be4 7. f3 Qh4+ 8. Kd2 Bg6 9. Qe1 Qxe1+ 10. Rxe1 h5 11. g5 h4 12. Bd3 Bxd3 13. cxd3 Nc6 14. f4 Nge7 15. Nf3 Nf5 16. Rc1 Kd7 17. Nb1 Rac8 18. Rc3 Nb4 19. a3 Rxc3 20. bxc3 Nc6 21. a4 Rb8 22. Na3 b6 23. Nc2 b5 24. axb5 Rxb5 25. Ra1 Rb2 26. Kc1 Rb3 27. Kd2 Kc7 28. Ra2 Rb1 29. Nce1 a5 30. h3 Kb6 31. Kc2 Rb5 32. Kd2 Rb1 33. Kc2 Rb5 34. Ng2 Ka6 35. Ngxh4 Nxe3+ 36. Kd2 Nf1+ 37. Ke2 Ng3+ 38. Kf2 Nh5 39. Ng2 Rb3 40. Rc2 a4 41. Ke2 a3 42. Kd2 Ka5 43. Ra2 Ka4 44. Kc2 Rb8 45. Nd2 Rc8 46. Kd1 g6 47. Nb1 Kb3 48. Rxa3+ Kb2 49. Kd2 Nxd4 50. cxd4 Rc2+ 51. Ke3 Rxg2 0-1


[Site "https://www.chess.com"]

[Event "Titled Tuesday Blitz November 15 Late 2022"]
[White "Quirke, Jeffrey"]
[Black "Bashirli, Nail"]
[WhiteFideId "2013029"]
[BlackFideId "13406809"]
[WhiteElo "2215"]
[BlackElo "2318"]
[Result "0-1"]
[Round "02"]
[TimeControl "180+1"]
[Date "2022.11.16"]
[WhiteClock "0:00:12"]
[BlackClock "0:02:24"]

1. e4 Nf6 2. e5 Nd5 3. d4 d6 4. exd6 cxd6 5. Nf3 g6 6. g3 Bg7 7. Bg2 O-O 8. O-O Nb6 9. Re1 Nc6 10. c3 Qc7 11. Bf4 e5 12. Be3 Re8 13. Na3 a6 14. Qb3 Be6 15. d5 Nxd5 16. Ng5 Nxe3 17. Nxe6 fxe6 18. Rxe3 d5 19. Rae1 b5 20. Nc2 Rab8 21. Nb4 Nxb4 22. Qxb4 Qc4 23. Qa5 Qc6 24. Bh3 Bf8 25. a3 e4 26. Kg2 Bc5 27. R3e2 Kg7 28. f3 exf3+ 29. Kxf3 d4+ 0-1


[Site "https://www.chess.com"]

[Event "Titled Tuesday Blitz November 15 Late 2022"]
[White "Quispe Santacruz, Javier"]
[Black "Kujawski, Adam"]
[WhiteFideId "3800920"]
[BlackFideId "1100920"]
[WhiteElo "1930"]
[BlackElo "2053"]
[Result "0-1"]
[Round "02"]
[TimeControl "180+1"]
[Date "2022.11.16"]
[WhiteClock "0:00:04"]
[BlackClock "0:00:15"]

1. d4 Nf6 2. c4 e6 3. Nf3 c5 4. d5 d6 5. Nc3 g6 6. e4 Bg7 7. Bd3 O-O 8. O-O e5 9. h3 Ne8 10. Bg5 Bf6 11. Bxf6 Nxf6 12. Qd2 Nh5 13. Rab1 Nf4 14. Rfd1 b6 15. Bf1 Na6 16. a3 Nc7 17. b4 f5 18. bxc5 bxc5 19. g3 fxe4 20. gxf4 exf3 21. fxe5 Bf5 22. e6 Bxb1 23. Rxb1 Ne8 24. Rb7 Qh4 25. Nb5 Rf5 26. Nc7 Nxc7 27. Rxc7 Raf8 28. Qe3 Re5 29. Qc3 Qg5+ 30. Kh1 Qf4 31. e7 Re8 32. Qb3 R5xe7 33. Rxe7 Rxe7 34. Qb8+ Kg7 35. Qd8 Re1 0-1


[Site "https://www.chess.com"]

[Event "Titled Tuesday Blitz November 15 Late 2022"]
[White "Radovanovic, Dusan"]
[Black "Steenbekkers, Franck"]
[WhiteFideId "926868"]
[BlackFideId "1004220"]
[WhiteElo "2341"]
[BlackElo "2031"]
[Result "1-0"]
[Round "02"]
[TimeControl "180+1"]
[Date "2022.11.16"]
[WhiteClock "0:01:26"]
[BlackClock "0:01:25"]

1. e4 e6 2. d4 d5 3. Nc3 Bb4 4. e5 c5 5. a3 Bxc3+ 6. bxc3 Ne7 7. h4 Qc7 8. h5 h6 9. Nf3 b5 10. Bxb5+ Bd7 11. Bd3 Nbc6 12. O-O O-O 13. Bd2 f6 14. Re1 c4 15. Bf1 Be8 16. exf6 Rxf6 17. Ne5 Nxe5 18. dxe5 Rf5 19. f4 Rxh5 20. Be3 Nf5 21. Bf2 Ne7 22. g4 1-0


[Site "https://www.chess.com"]

[Event "Titled Tuesday Blitz November 15 Late 2022"]
[White "Rasulov, Vugar"]
[Black "Al-Tarboush, Ward"]
[WhiteFideId "13402390"]
[BlackFideId "7601450"]
[WhiteElo "2509"]
[BlackElo "2273"]
[Result "1-0"]
[Round "02"]
[TimeControl "180+1"]
[Date "2022.11.16"]
[WhiteClock "0:00:09"]
[BlackClock "0:00:02"]

1. e4 e6 2. d4 d5 3. e5 c5 4. c3 Nc6 5. Nf3 Qb6 6. Na3 cxd4 7. cxd4 Bb4+ 8. Bd2 Nge7 9. Nc2 Bxd2+ 10. Qxd2 Qxb2 11. Bd3 h6 12. O-O Qb6 13. Rab1 Qa5 14. Qf4 O-O 15. Ne3 Bd7 16. Rxb7 Bc8 17. Rb3 Qxa2 18. Rfb1 Ba6 19. Bxa6 Qxa6 20. h4 Rab8 21. h5 Rxb3 22. Rxb3 Rb8 23. Rxb8+ Nxb8 24. g4 Qd3 25. g5 Qb1+ 26. Kg2 Qe4 27. Qg3 hxg5 28. Qxg5 Nbc6 29. Kg3 Nf5+ 30. Nxf5 Qxf5 31. Qc1 Nb4 32. Ng5 Nc2 33. f4 Qd3+ 34. Kh4 Qe3 35. Qf1 Qe1+ 36. Qxe1 Nxe1 37. f5 a5 38. f6 gxf6 39. exf6 a4 40. h6 a3 41. h7+ Kh8 42. Kh5 Ng2 43. Kh6 1-0


[Site "https://www.chess.com"]

[Event "Titled Tuesday Blitz November 15 Late 2022"]
[White "Remolar Gallen, Jose"]
[Black "Arbunic Castro, Giovanna"]
[WhiteFideId "2215187"]
[BlackFideId "3400549"]
[WhiteElo "2252"]
[BlackElo "1925"]
[Result "0-1"]
[Round "02"]
[TimeControl "180+1"]
[Date "2022.11.16"]
[WhiteClock "0:00:24"]
[BlackClock "0:00:09"]

1. d4 Nf6 2. Nf3 g6 3. c4 Bg7 4. Nc3 O-O 5. g3 d6 6. Bg2 c5 7. O-O Nc6 8. h3 Bd7 9. e4 cxd4 10. Nxd4 Qb6 11. Nb3 Ne5 12. Be3 Qa6 13. c5 Nc4 14. Bc1 Rac8 15. cxd6 exd6 16. Re1 b5 17. Bf1 Rfe8 18. g4 Bc6 19. f3 Qb6+ 20. Kg2 a5 21. Bxc4 bxc4 22. Be3 Qb4 23. Nd4 Ba8 24. Re2 d5 25. exd5 Nxd5 26. Nxd5 Bxd5 27. Nc2 Qb7 28. Rd2 Rcd8 29. Bf2 Bxb2 30. Rb1 c3 31. Re2 Bxf3+ 0-1


[Site "https://www.chess.com"]

[Event "Titled Tuesday Blitz November 15 Late 2022"]
[White "Rodriguez Santiago, Jaime"]
[Black "Krallis, Christos"]
[WhiteFideId "3100898"]
[BlackFideId "4298896"]
[WhiteElo "2025"]
[BlackElo "2243"]
[Result "0-1"]
[Round "02"]
[TimeControl "180+1"]
[Date "2022.11.16"]
[WhiteClock "0:00:47"]
[BlackClock "0:00:57"]

1. c4 e5 2. Nc3 Nc6 3. g3 g6 4. Bg2 Bg7 5. e4 Nge7 6. Nge2 O-O 7. O-O d6 8. d3 f5 9. f4 exf4 10. Nxf4 Nd4 11. Be3 fxe4 12. Nxe4 Ndf5 13. Bf2 Bxb2 14. Rb1 Bd4 15. Ng5 Bxf2+ 16. Rxf2 Ne3 17. Qd2 Nxg2 18. Kxg2 Qd7 19. Nfe6 Qc6+ 20. Kg1 Bxe6 21. Nxe6 Rxf2 22. Qxf2 Nf5 23. Rf1 Re8 24. Nd4 Qc5 25. Nxf5 Qxf5 26. Qxa7 Qxd3 27. Qxb7 Qxc4 28. Qf3 Qxa2 29. Rf2 Qb1+ 30. Kg2 Qe4 31. Qxe4 Rxe4 32. Kf3 Re7 33. Rc2 Kf7 34. Kf4 Ke6 35. h4 c5 36. Kg5 Kd5 37. Rd2+ Kc6 38. Kh6 c4 39. g4 d5 40. g5 Kc5 41. h5 gxh5 42. Kxh5 c3 0-1


[Site "https://www.chess.com"]

[Event "Titled Tuesday Blitz November 15 Late 2022"]
[White "Roman, Rodrigo"]
[Black "Hristodoulou, Panagiotis"]
[WhiteFideId "3701220"]
[BlackFideId "4214340"]
[WhiteElo "1995"]
[BlackElo "2272"]
[Result "0-1"]
[Round "02"]
[TimeControl "180+1"]
[Date "2022.11.16"]
[WhiteClock "0:00:02"]
[BlackClock "0:00:09"]

1. e4 e5 2. Nf3 Nc6 3. Bb5 g6 4. Bxc6 dxc6 5. O-O Bg7 6. d3 Ne7 7. Nbd2 c5 8. a4 Be6 9. a5 Nc6 10. b3 g5 11. Nc4 g4 12. Ng5 Bxc4 13. bxc4 h6 14. Nxf7 Kxf7 15. Qxg4 Rf8 16. Be3 Nd4 17. c3 Nc2 18. Rab1 b6 19. Qh5+ Kg8 20. Bxh6 Bxh6 21. Qxh6 Rf7 22. Qd2 Na3 23. Rbd1 b5 24. Qb2 b4 25. cxb4 cxb4 26. Qxe5 Qd6 27. Qg5+ Rg7 28. Qh5 Nc2 29. Qd5+ Qxd5 30. cxd5 b3 31. Rb1 Rb8 32. Rb2 Rg6 33. Rfb1 Nd4 34. f4 Ra6 35. Ra1 Rb5 36. Ra4 Raxa5 37. Rxd4 Ra2 38. Rb1 b2 39. Rc4 Ra1 0-1


[Site "https://www.chess.com"]

[Event "Titled Tuesday Blitz November 15 Late 2022"]
[White "Romero Ruscalleda, Josep"]
[Black "Megalios, Konstantinos"]
[WhiteFideId "2231859"]
[BlackFideId "4238044"]
[WhiteElo "2183"]
[BlackElo "2277"]
[Result "0-1"]
[Round "02"]
[TimeControl "180+1"]
[Date "2022.11.16"]
[WhiteClock "0:00:29"]
[BlackClock "0:01:27"]

1. e4 c6 2. Nc3 d5 3. Nf3 Bg4 4. h3 Bxf3 5. Qxf3 e6 6. d4 Nf6 7. exd5 cxd5 8. Bd3 Nc6 9. Ne2 Bd6 10. c3 O-O 11. O-O e5 12. dxe5 Nxe5 13. Qe3 Re8 14. Bc2 Rc8 15. Nd4 Nc4 16. Qd3 Ne4 17. Nf5 Bb8 18. b3 Ne5 19. Qd4 Qf6 20. Ne3 Nxc3 21. Qd2 Qf4 22. Ng4 Qxd2 23. Bxd2 Ne2+ 24. Kh1 Nxg4 25. hxg4 Rxc2 26. Be3 d4 0-1


[Site "https://www.chess.com"]

[Event "Titled Tuesday Blitz November 15 Late 2022"]
[White "Rosenberg, Evan S"]
[Black "Crevatin, Leo"]
[WhiteFideId "2019299"]
[BlackFideId "1726307"]
[WhiteElo "2374"]
[BlackElo "2208"]
[Result "0-1"]
[Round "02"]
[TimeControl "180+1"]
[Date "2022.11.16"]
[WhiteClock "0:00:02"]
[BlackClock "0:00:42"]

1. d4 Nf6 2. Nf3 d5 3. c3 g6 4. Bf4 Bg7 5. h3 O-O 6. Nbd2 c5 7. e3 Nc6 8. Bd3 Nd7 9. Bh2 e5 10. dxe5 Ndxe5 11. Nxe5 Nxe5 12. Bc2 Be6 13. O-O Qb6 14. Rb1 Rad8 15. Qe2 Rfe8 16. Rfd1 Nc6 17. a4 d4 18. cxd4 cxd4 19. Qb5 dxe3 20. Qxb6 axb6 21. fxe3 Nb4 22. Be4 Bd5 23. Bxd5 Nxd5 24. Nc4 Bh6 25. Nd6 Nxe3 26. Re1 Re6 27. Nxb7 Rd7 28. Nd6 Rdxd6 29. Bxd6 Rxd6 30. Kf2 Nc4 31. Re8+ Kg7 32. b3 Nd2 33. Ra1 Nxb3 34. Ra3 Nc5 35. a5 bxa5 36. Rxa5 Ne6 37. Raa8 Bg5 38. Rg8+ Kf6 39. g3 h5 40. h4 Bh6 41. Rgb8 Rd7 42. Rb2 Kg7 43. Ra6 Rd2+ 44. Rxd2 Bxd2 45. Ke2 Bh6 46. Kf3 Nd4+ 47. Kg2 Nf5 48. Ra3 Bd2 49. Kh3 Be1 50. g4 hxg4+ 51. Kxg4 Bxh4 52. Ra5 Bf6 53. Ra7 Nh6+ 54. Kg3 g5 55. Ra8 Kg6 56. Ra6 Kf5 57. Ra5+ Be5+ 58. Kh3 g4+ 59. Kh4 Ng8 60. Rb5 g3 61. Kh3 Ne7 62. Kg2 Ng6 63. Rb7 f6 64. Rb5 Kg4 65. Rb4+ Nf4+ 66. Kh1 Kh3 67. Kg1 Ne2+ 68. Kf1 g2+ 69. Kxe2 g1=Q 0-1


[Site "https://www.chess.com"]

[Event "Titled Tuesday Blitz November 15 Late 2022"]
[White "Rustemov, Alexander"]
[Black "Badelka, Olga"]
[WhiteFideId "4119002"]
[BlackFideId "13509926"]
[WhiteElo "2830"]
[BlackElo "2337"]
[Result "1-0"]
[Round "02"]
[TimeControl "180+1"]
[Date "2022.11.16"]
[WhiteClock "0:00:59"]
[BlackClock "0:00:02"]

1. d4 Nf6 2. c4 e6 3. Nf3 d5 4. Nc3 Nbd7 5. cxd5 exd5 6. Bg5 c6 7. e3 Be7 8. Bd3 h6 9. Bh4 O-O 10. Qc2 Re8 11. O-O Ne4 12. Bxe4 Bxh4 13. Bh7+ Kh8 14. Nxh4 Qxh4 15. Bd3 Nf6 16. Rae1 Bd7 17. f3 Rac8 18. Qf2 Qxf2+ 19. Kxf2 c5 20. dxc5 Rxc5 21. Rd1 b5 22. Ne2 b4 23. Nd4 Rec8 24. Rd2 Kg8 25. Rfd1 Kf8 26. g4 g5 27. Bf5 Bxf5 28. Nxf5 h5 29. h3 h4 30. e4 Rc2 31. Ke3 dxe4 32. fxe4 Rxd2 33. Rxd2 a5 34. Rd6 Ne8 35. Ra6 Rc2 36. Ra8 Rc6 37. e5 Re6 38. Kd4 f6 39. exf6 Rxf6 40. Ke5 Rc6 41. Rxa5 Kf7 42. Ra7+ Kg6 43. Ne7+ 1-0


[Site "https://www.chess.com"]

[Event "Titled Tuesday Blitz November 15 Late 2022"]
[White "Sailer, Mike"]
[Black "Karas, Marek"]
[WhiteFideId "2012901"]
[BlackFideId "14928558"]
[WhiteElo "2109"]
[BlackElo "2220"]
[Result "0-1"]
[Round "02"]
[TimeControl "180+1"]
[Date "2022.11.16"]
[WhiteClock "0:00:04"]
[BlackClock "0:01:23"]

1. Nf3 g6 2. c4 Bg7 3. Nc3 c5 4. g3 Nc6 5. Bg2 Nh6 6. a3 Nf5 7. Rb1 a5 8. O-O h5 9. h4 d6 10. d3 Bd7 11. Bg5 Qc8 12. Nb5 Nfd4 13. Nbxd4 Nxd4 14. Nxd4 Bxd4 15. e3 Bg7 16. b4 axb4 17. axb4 Bc6 18. bxc5 dxc5 19. Qb3 O-O 20. Bxc6 bxc6 21. Qb7 e6 22. Be7 Qxb7 23. Rxb7 Rfb8 24. Rxb8+ Rxb8 25. Bxc5 Rb3 26. Rd1 e5 27. d4 exd4 28. Bxd4 Bf8 29. Rc1 Be7 30. Rc2 f5 31. Kg2 Kf7 32. Kf3 Rb4 33. Ke2 Ke6 34. Kd2 Ra4 35. Kc3 Ra3+ 36. Kb2 Ra4 37. f3 Bd6 38. f4 Rb4+ 39. Kc3 Rb1 40. Re2 Rg1 41. e4 Rxg3+ 42. Kc2 Bxf4 43. exf5+ Kxf5 44. Bf2 Rg2 45. Kd3 Kg4 46. Ke4 Bg3 47. Bxg3 Rxe2+ 0-1


[Site "https://www.chess.com"]

[Event "Titled Tuesday Blitz November 15 Late 2022"]
[White "Sanchez Enriquez, Oscar Gerardo"]
[Black "Huber, Benedikt"]
[WhiteFideId "5106311"]
[BlackFideId "12923583"]
[WhiteElo "2375"]
[BlackElo "2199"]
[Result "1-0"]
[Round "02"]
[TimeControl "180+1"]
[Date "2022.11.16"]
[WhiteClock "0:00:45"]
[BlackClock "0:00:07"]

1. e4 c5 2. Nf3 e6 3. g3 d5 4. exd5 exd5 5. d4 Nc6 6. Bg2 Bg4 7. O-O cxd4 8. Re1+ Be7 9. h3 Bh5 10. g4 Bg6 11. Nxd4 Nf6 12. Nxc6 bxc6 13. c4 O-O 14. Nc3 d4 15. Ne2 c5 16. Nf4 Rb8 17. b3 Bd6 18. Bd2 Re8 19. Nxg6 hxg6 20. Qf3 Qc7 21. h4 Nd7 22. h5 Ne5 23. Qd5 gxh5 24. gxh5 Ng4 25. Qf5 Ne5 26. Bd5 Re7 27. f4 Qd7 28. Qxd7 Nxd7 29. Kf2 Rbe8 30. Rxe7 Rxe7 31. Bf3 f5 32. Rg1 Kh7 33. Rg5 Rf7 34. Bd5 Rf6 35. Kf3 Nf8 36. a3 Be7 37. Rg2 Ra6 38. a4 Bf6 39. Rg1 Rb6 40. Rb1 Ne6 41. a5 Rd6 42. b4 cxb4 43. Bxb4 Ra6 44. Bb7 Nc7 45. Bxa6 Nxa6 46. Bd2 Nc5 47. Rb5 Ne4 48. Be1 d3 49. Ke3 d2 50. Bxd2 Bh4 51. Bb4 Bf2+ 52. Kf3 Bd4 53. Rxf5 Nf6 54. Be7 Nd7 55. Rd5 1-0


[Site "https://www.chess.com"]

[Event "Titled Tuesday Blitz November 15 Late 2022"]
[White "Santos Flores, Alberto"]
[Black "Andronescu, Madalin"]
[WhiteFideId "3601234"]
[BlackFideId "1217275"]
[WhiteElo "2235"]
[BlackElo "1946"]
[Result "1-0"]
[Round "02"]
[TimeControl "180+1"]
[Date "2022.11.16"]
[WhiteClock "0:00:15"]
[BlackClock "0:00:05"]

1. e4 c5 2. Nf3 d6 3. d4 cxd4 4. Nxd4 Nf6 5. Nc3 a6 6. h3 e5 7. Nb3 Be7 8. g4 O-O 9. Bg2 Be6 10. O-O b5 11. Nd5 Bxd5 12. exd5 Nbd7 13. f4 exf4 14. Bxf4 Nb6 15. Nd4 Rc8 16. Nc6 Qd7 17. Qd4 Nbxd5 18. Nxe7+ Nxe7 19. Qxd6 Qa7+ 20. Kh1 Ng6 21. Bg5 Rxc2 22. Bxf6 gxf6 23. Qxf6 Qe3 24. Rf3 Rc1+ 25. Rxc1 Qxc1+ 26. Rf1 Qe3 27. h4 Qg3 28. h5 Nh4 29. Qf2 Qxg4 30. Rg1 Kh8 31. Qf6+ Qg7 32. Qxg7+ Kxg7 33. Bb7+ Kh6 34. Bxa6 Kxh5 35. Bxb5 f5 36. Be2+ Kh6 37. a4 f4 38. Rf1 f3 39. Bd1 Kg5 40. b4 Kf4 41. a5 Kg3 42. a6 f2 43. b5 Re8 44. a7 Re1 45. Be2 Rxe2 46. a8=Q Re1 47. Qg8+ Kf3 48. Qf7+ Ke2 49. Qxf2+ Kd1 50. Rxe1# 1-0


[Site "https://www.chess.com"]

[Event "Titled Tuesday Blitz November 15 Late 2022"]
[White "Sargsyan, Anna M."]
[Black "Bluebaum, Matthias"]
[WhiteFideId "13308130"]
[BlackFideId "24651516"]
[WhiteElo "2284"]
[BlackElo "2633"]
[Result "0-1"]
[Round "02"]
[TimeControl "180+1"]
[Date "2022.11.15"]
[WhiteClock "0:00:03"]
[BlackClock "0:00:12"]

1. e4 e6 2. d4 d5 3. Nc3 Nf6 4. e5 Nfd7 5. f4 c5 6. Nf3 Nc6 7. Be3 a6 8. Qd2 b5 9. Nd1 b4 10. c3 Be7 11. Bd3 a5 12. O-O O-O 13. f5 exf5 14. Bxf5 bxc3 15. bxc3 cxd4 16. cxd4 Nb6 17. Qc2 Bxf5 18. Qxf5 Qc8 19. Qh5 Qe6 20. Bg5 f6 21. exf6 Bxf6 22. Bxf6 Rxf6 23. Nf2 Raf8 24. Rfe1 Qd6 25. Re8 Nxd4 26. Rxf8+ Qxf8 27. Nxd4 Rxf2 28. Nf3 Re2 29. Rb1 g6 30. Qg4 Nc4 31. Kh1 Re7 32. h3 Ne3 33. Qd4 h6 34. Rb3 Qe8 35. Rb6 Kh7 36. Qf4 Nf5 37. Rb8 Qf7 38. Kh2 Re8 39. Rb6 Re4 40. Qb8 Nd4 41. Rb7 Nxf3+ 42. gxf3 Re7 43. Rxe7 Qxe7 44. Kg3 h5 45. Kf2 Qc5+ 46. Kg3 Qg1+ 47. Kh4 Qf2+ 48. Kg5 Qe3+ 49. Kf6 Qxf3+ 50. Ke6 Qxh3+ 51. Kxd5 Qf5+ 52. Kc4 Qc2+ 53. Kd4 Qd2+ 54. Kc4 Qe2+ 55. Kd4 Qd2+ 56. Kc4 Qxa2+ 57. Kd4 Qd2+ 58. Ke4 Qc2+ 59. Kf3 Qf5+ 60. Ke2 h4 61. Qa7+ Kh6 62. Qb8 Qe4+ 63. Kf2 Qd4+ 64. Ke2 Kg5 65. Qb7 Qe5+ 66. Kf2 h3 67. Kf1 Qf4+ 68. Ke2 Qg4+ 69. Kd3 Qd1+ 70. Kc3 Qc1+ 71. Kd3 Qf1+ 72. Kc3 Qf6+ 73. Kd3 Qf5+ 74. Kc3 Qe5+ 75. Kd3 Kg4 76. Kc2 Qf5+ 77. Kc3 Qf3+ 0-1


[Site "https://www.chess.com"]

[Event "Titled Tuesday Blitz November 15 Late 2022"]
[White "Sarkar, Justin"]
[Black "Timmermans, Mark"]
[WhiteFideId "2010011"]
[BlackFideId "1026399"]
[WhiteElo "2239"]
[BlackElo "2460"]
[Result "0-1"]
[Round "02"]
[TimeControl "180+1"]
[Date "2022.11.16"]
[WhiteClock "0:00:01"]
[BlackClock "0:00:41"]

1. d4 Nf6 2. c4 e6 3. Bf4 d5 4. cxd5 Nxd5 5. Bg3 Bb4+ 6. Nd2 c5 7. a3 Bxd2+ 8. Qxd2 cxd4 9. Qxd4 O-O 10. e4 Nc6 11. Qd2 Nf6 12. Qxd8 Rxd8 13. f3 Nd4 14. Rc1 Bd7 15. Ne2 Nb3 16. Rc3 Ba4 17. Bf4 Nd7 18. Nc1 Ndc5 19. Nxb3 Nxb3 20. Bc4 Nd4 21. Kf2 Bb5 22. Rd1 Bxc4 23. Rxc4 Nc6 24. Rxd8+ Rxd8 25. b4 a6 26. a4 f6 27. b5 axb5 28. axb5 Nd4 29. b6 Nc6 30. Ke2 e5 31. Be3 Kf7 32. Rc2 Ra8 33. Rd2 Ke8 34. Bc5 Ra5 35. Bd6 Rb5 36. Bc7 Nd4+ 37. Kf2 Kd7 38. Ra2 Kc6 39. Rd2 Rb3 40. f4 Ne6 41. fxe5 fxe5 42. Bxe5 Rxb6 43. Rd6+ Kc5 44. Rxb6 Kxb6 45. Ke3 Kc5 46. Kd3 Kb4 0-1


[Site "https://www.chess.com"]

[Event "Titled Tuesday Blitz November 15 Late 2022"]
[White "Schrik, Rachid"]
[Black "Marcolino, Daniel Mattos"]
[WhiteFideId "1009818"]
[BlackFideId "2106841"]
[WhiteElo "2098"]
[BlackElo "2099"]
[Result "1-0"]
[Round "02"]
[TimeControl "180+1"]
[Date "2022.11.16"]
[WhiteClock "0:01:08"]
[BlackClock "0:01:01"]

1. d4 Nf6 2. c4 e6 3. Nc3 Bb4 4. a3 Bxc3+ 5. bxc3 c5 6. f3 d6 7. e4 Nc6 8. Ne2 b6 9. Ng3 Ba6 10. f4 O-O 11. e5 dxe5 12. fxe5 Ne8 13. Bd3 Na5 14. Qh5 g6 15. Qh6 Bxc4 16. Bg5 Qd7 17. Nh5 f5 18. Bxc4 Nxc4 19. Nf6+ Nxf6 20. Bxf6 cxd4 21. cxd4 Rf7 22. Rd1 Ne3 23. Qxe3 1-0


[Site "https://www.chess.com"]

[Event "Titled Tuesday Blitz November 15 Late 2022"]
[White "Shapiro, Daniel"]
[Black "Martinez Reyes, Pedro Ramon"]
[WhiteFideId "2001780"]
[BlackFideId "3901807"]
[WhiteElo "2324"]
[BlackElo "2354"]
[Result "0-1"]
[Round "02"]
[TimeControl "180+1"]
[Date "2022.11.16"]
[WhiteClock "0:00:36"]
[BlackClock "0:01:56"]

1. d4 b6 2. e4 Bb7 3. Nd2 e6 4. Bd3 Nf6 5. Qe2 d5 6. Ngf3 Be7 7. e5 Nfd7 8. h4 h6 9. c3 c5 10. a3 a5 11. h5 c4 12. Bc2 b5 13. Nf1 Nc6 14. g4 b4 15. Bf4 Qb6 16. Rb1 b3 17. Bd1 Qc7 18. Qe3 O-O-O 19. Kd2 Nb6 20. Be2 Na4 21. Kc1 Na7 22. Bg3 Nb5 23. Bh4 Kb8 24. Bxe7 Qxe7 25. Qd2 Ka8 26. Nh4 Bc6 27. f4 Rb8 28. Ng3 Nbxc3 29. bxc3 Qxa3+ 30. Kd1 b2 31. f5 Nxc3+ 32. Ke1 Nxb1 0-1


[Site "https://www.chess.com"]

[Event "Titled Tuesday Blitz November 15 Late 2022"]
[White "Shimanov, Aleksandr"]
[Black "Riff, Vincent"]
[WhiteFideId "4198603"]
[BlackFideId "617776"]
[WhiteElo "2605"]
[BlackElo "2369"]
[Result "1-0"]
[Round "02"]
[TimeControl "180+1"]
[Date "2022.11.15"]
[WhiteClock "0:00:57"]
[BlackClock "0:00:09"]

1. e4 c5 2. Nf3 Nc6 3. Nc3 Nf6 4. e5 Ng4 5. Qe2 d6 6. exd6 Qxd6 7. Ne4 Qc7 8. Nxc5 e5 9. Nb3 Nb4 10. Nbd4 Be7 11. a3 exd4 12. axb4 O-O 13. Qc4 Qb6 14. Qxd4 Qe6+ 15. Be2 Bf6 16. Qc4 Qe8 17. O-O Bf5 18. c3 Rc8 19. Qf4 Qxe2 20. Qxf5 Ne5 21. Nxe5 Bxe5 22. g3 g6 23. Qh3 Rfe8 24. d4 Bd6 25. Rxa7 Rc7 26. Qg2 Qb5 27. Qf3 Rce7 28. Be3 h5 29. h4 Bb8 30. Ra5 Qd3 31. Kg2 Kh8 32. Bg5 Qc2 33. Bxe7 Rxe7 34. Qf6+ 1-0


[Site "https://www.chess.com"]

[Event "Titled Tuesday Blitz November 15 Late 2022"]
[White "Shuvalova, Polina"]
[Black "Silva Lucena, Cristian"]
[WhiteFideId "24171760"]
[BlackFideId "2232588"]
[WhiteElo "2342"]
[BlackElo "2223"]
[Result "0-1"]
[Round "02"]
[TimeControl "180+1"]
[Date "2022.11.16"]
[WhiteClock "0:00:02"]
[BlackClock "0:00:20"]

1. d4 Nf6 2. Nf3 g6 3. c4 Bg7 4. Nc3 O-O 5. e4 d6 6. Be2 e5 7. O-O exd4 8. Nxd4 c6 9. Be3 Re8 10. f3 d5 11. cxd5 cxd5 12. Bg5 dxe4 13. Nxe4 Qb6 14. Nxf6+ Bxf6 15. Bxf6 Qxf6 16. Qd2 Rd8 17. Rad1 Nc6 18. Qc3 Nxd4 19. Bc4 Be6 20. Bxe6 fxe6 21. Kh1 Rac8 22. Qe3 Kg7 23. Rfe1 b6 24. Qe4 Rd7 25. Rd3 Rcd8 26. Red1 e5 27. h3 Rd6 28. a4 R8d7 29. g4 a5 30. Kg2 Rf7 31. Rf1 Nc6 32. Rfd1 Rxd3 33. Rxd3 Nd4 34. Re3 Ne6 35. Qxe5 Nf4+ 36. Kg3 Qxe5 37. Rxe5 Nd3 38. Rb5 Rf6 39. h4 Nc5 40. b4 axb4 41. Rxb4 Nb7 42. Rb5 Rc6 43. g5 Kf7 44. f4 Nd6 45. Rb4 Nf5+ 46. Kh3 Rc3+ 47. Kh2 Rc6 48. Kh3 Ke6 49. Rb5 Nd6 50. Re5+ Kf7 51. h5 Rc4 52. Kg3 Nf5+ 53. Kf3 Rxa4 54. h6 Ra3+ 55. Kf2 Ra4 56. Kf3 Ne7 57. Rb5 Rd4 58. Rxb6 Rxf4+ 59. Kg3 Rf5 60. Kg4 Rd5 61. Rb7 Rd4+ 62. Kg3 Rc4 63. Ra7 Ke6 0-1


[Site "https://www.chess.com"]

[Event "Titled Tuesday Blitz November 15 Late 2022"]
[White "Silvestre, Christian"]
[Black "Milchev, Nikolay"]
[WhiteFideId "30956269"]
[BlackFideId "2906090"]
[WhiteElo "2328"]
[BlackElo "2449"]
[Result "0-1"]
[Round "02"]
[TimeControl "180+1"]
[Date "2022.11.16"]
[WhiteClock "0:00:08"]
[BlackClock "0:01:04"]

1. e4 Nf6 2. e5 Nd5 3. Nc3 Nb6 4. Nf3 d6 5. g3 g6 6. Bg2 Bg7 7. exd6 cxd6 8. O-O Nc6 9. Re1 O-O 10. h3 e5 11. d3 h6 12. Be3 d5 13. Bc5 Re8 14. Bxb6 axb6 15. Nd2 Be6 16. Kh2 Qd7 17. Nb3 Rad8 18. a4 f5 19. a5 bxa5 20. Nxa5 e4 21. Nb3 b6 22. dxe4 dxe4 23. Qxd7 Rxd7 24. Ra6 Rb8 25. Na4 Rdb7 26. Nbc5 bxc5 27. Nxc5 Bd5 28. Nxb7 Rxb7 29. c4 Nb4 30. Ra8+ Kf7 31. cxd5 Nxd5 32. Bf1 Nb6 33. Ra2 Rc7 34. Bb5 Rc2 35. Kg2 Bd4 36. Re2 Rc5 37. Ba4 g5 38. Bb3+ Kf6 39. Rc2 Rb5 40. Bc4 Nxc4 41. Rxc4 Ke5 42. b4 Kd5 43. Rac2 f4 44. gxf4 gxf4 45. Kf1 f3 46. Ke1 Rb6 47. Rc8 Rxb4 48. Rd8+ Ke5 49. Re8+ Kf5 50. Rf8+ Kg5 51. Rc6 Rb1+ 52. Kd2 Bxf2 53. Rg8+ Kf4 54. Rf8+ Kg3 55. Rg6+ Kh2 56. Rh8 Rb2+ 57. Kc1 Re2 0-1


[Site "https://www.chess.com"]

[Event "Titled Tuesday Blitz November 15 Late 2022"]
[White "Sivakumar, Shaaketh"]
[Black "Maksimovic, Bojan"]
[WhiteFideId "30940176"]
[BlackFideId "14408120"]
[WhiteElo "2174"]
[BlackElo "2447"]
[Result "0-1"]
[Round "02"]
[TimeControl "180+1"]
[Date "2022.11.16"]
[WhiteClock "0:00:27"]
[BlackClock "0:00:53"]

1. d4 Nf6 2. Bf4 d6 3. Nc3 Nbd7 4. e4 e5 5. Be3 Be7 6. d5 c6 7. dxc6 bxc6 8. Bc4 O-O 9. Bb3 a5 10. a4 Rb8 11. Nf3 Ba6 12. Qd2 h6 13. h3 Qc7 14. O-O-O Nc5 15. Bxc5 dxc5 16. Qe3 Rb4 17. Nd2 c4 18. Ba2 Rfb8 19. Qe2 Rxb2 20. Bxc4 Ba3 21. Ndb1 Rxb1+ 22. Kd2 Rd8+ 23. Ke3 Rbxd1 24. Rxd1 Rxd1 25. Nxd1 Bxc4 26. Qxc4 Qd6 27. Qe2 Nxe4 28. Qc4 Qxd1 29. Kxe4 Qd4+ 30. Qxd4 exd4 31. Kxd4 Kf8 0-1


[Site "https://www.chess.com"]